 Dungeon Crawl Stone Soup version 0.30-a0-696-g2367cd04db (webtiles) character file.

Game seed: 14414807226878009036

31 hurflehork the Ruffian (level 3, -5/36 HPs)
             Began as a Troll Berserker on Jan 21, 2023.
             Was a Follower of Trog.
             Killed by divine providence
             ... invoked by an orc priest
              (8 damage)
             ... on level 3 of the Dungeon.
             The game lasted 00:06:00 (464 turns).

hurflehork the Ruffian (Troll Berserker)             Turns: 464, Time: 00:06:01

Health: -5/36      AC:  4    Str: 27    XL:     3   Next: 7%
Magic:  2/2        EV: 10    Int:  3    God:    Trog [*.....]
Gold:   44         SH:  0    Dex:  9    Spells: 2/2 levels left

rFire   . . .      SeeInvis .      - Unarmed
rCold   . . .      Faith    .    (no shield)
rNeg    . . .      Spirit   .    a - +0 animal skin
rPois   .          Reflect  .    (helmet restricted)
rElec   .          Harm     .    (no cloak)
rCorr   .          Rampage  .    (gloves unavailable)
Will    .....                    (boots unavailable)
Stlth   +                        (no amulet)
HPRegen 1.06/turn                (no ring)
MPRegen 0.08/turn                (no ring)

@: no status effects
A: large, unfitting armour, claws 3, regeneration 1, shaggy fur 1, tough skin 1
a: Renounce Religion, Berserk


You were on level 3 of the Dungeon.
You worshipped Trog.
Trog was aware of your devotion.
You visited 1 branch of the dungeon, and saw 3 of its levels.

You collected 44 gold pieces.

Inventory:

Hand Weapons
 d - a +0 whip
 f - a +0 short sword
Missiles
 e - 9 stones (quivered)
Armour
 a - a +0 animal skin (worn)
Jewellery
 b - an amulet of regeneration
Scrolls
 h - 2 scrolls of enchant armour {unknown}
Potions
 c - a potion of resistance {unknown}
 g - 2 potions of brilliance {unknown}


   Skills:
 + Level 2.9 Fighting
 + Level 2.6 Dodging
 + Level 3.5 Unarmed Combat


You had 2 spell levels left.
You didn't know any spells.
Your spell library was empty.

Dungeon Overview and Level Annotations

Branches:
Dungeon (3/15)

Altars:


Innate Abilities, Weirdness & Mutations

You are too large for most types of armour.
You have claws for hands.
Your natural rate of healing is unusually fast.
You are covered in fur. (AC +1)
You have tough skin. (AC +1)


Message History

Your experience leads to an increase in your attributes!
Increase (S)trength, (I)ntelligence, or (D)exterity?
Uppercase letters only, please.
You feel stronger. x3
Unknown command.
You barely miss the orc priest.
The orc hits you from afar with a +0 trident.
The orc priest barely misses you.
You closely miss the orc priest.
The orc hits you from afar with a +0 trident.
The orc priest hits you with a +0 dagger.
You closely miss the orc priest.
The orc hits you from afar with a +0 trident.
The orc priest hits you but does no damage.
You closely miss the orc priest. The orc closely misses you.
The orc priest hits you with a +0 dagger.
You scratch the orc priest but do no damage.
The orc barely misses you.
The orc priest hits you with a +0 dagger.
The orc barely misses you.
The orc priest hits you but does no damage.
Things that are here:
a +0 hand axe; 2 boomerangs You claw the orc!
You kill the orc!
Trog accepts your kill.
The orc priest invokes the aid of Beogh against you.
Pain shoots through your body!
* * * LOW HITPOINT WARNING * * *
You start putting on your amulet.
You continue putting on your amulet of regeneration.
The orc priest hits you with a +0 dagger.
Keep equipping yourself? [Y]es or [N]o only, please.
Keep equipping yourself?
* * * LOW HITPOINT WARNING * * *
You continue putting on your amulet of regeneration.
The orc priest mumbles some strange prayers to Beogh against you.
Beogh smites you!
You die...

. ..###.# .. #.
...#.# #.# #.##
#.#.# ..#
#...######...##.#
##.....#........#
##..............#
#........!.....<#
#.....o......†..#
#.....@).....†..#
#.....).........#
#..............<#
#...............#
##........!.....#
##.....#.......#
###############


You could see an orc priest.

Vanquished Creatures
  4 orcs (D:3)
  3 ball pythons
  2 endoplasms
  2 giant cockroaches
  2 hobgoblins
  A jackal (D:1)
  2 quokkas (D:1)
  2 bats (D:1)
  A frilled lizard (D:1)
  3 kobolds
  A rat (D:1)
23 creatures vanquished.

Notes
Turn   | Place    | Note
-------+----------+-------------------------------------------
     0 | D:1      | hurflehork the Troll Berserker began the quest for the Orb.
     0 | D:1      | Reached XP level 1. HP: 22/22 MP: 0/0
   160 | D:1      | Reached XP level 2. HP: 29/29 MP: 1/1
   456 | D:3      | Reached XP level 3. HP: 25/36 MP: 2/2
   464 | D:3      | Killed from afar by an orc priest

Illustrated notes

Levels and vault maps discovered:
D:1:      saegor_arrival_simple_d, layout_basic, serial_co_window_serial,
          co_window_paths_b, co_window_paths_a, co_window_paths_b,
          co_window_of_opportunity_a, co_window_corner_a, co_window_corner_b,
          co_window_of_opportunity_c, co_window_corner_b, co_window_2corner,
          co_window_cross_4, co_window_unsneaky_path_c, co_window_broadway_a,
          co_window_paths_d, co_window_paths_e, hangedman_abyss_or_decor_stabs,
          serial_bayou_pond_a, minmay_pentomino_z2
D:2:      layout_basic, lemuel_flame_loot_1
D:3:      layout_rooms, good_gods_mini_temple, nicolae_overflow_two_pavilions,
          basic_ecumenical_altar

Action                   || total
-------------------------++-------
Melee: Unarmed           ||    47
Armor: Animal skin       ||    13
Dodge: Dodged            ||    30

Table legend: (Time is in decaauts)
 A = Elapsed time spent in this place.
 B = Non-inter-level travel time spent in this place.
 C = Inter-level travel time spent in this place.
 D = Time resting spent in this place.
 E = Time spent auto-exploring this place.
 F = Levels seen in this place.
 G = Mean time per level.
                   A        B        C        D        E       F      G
               +--------+--------+--------+--------+--------+-----+--------+
         Total |    460 |    150 |    310 |      0 |      0 |   3 |  153.3 |
       Dungeon |    460 |    150 |    310 |      0 |      0 |   3 |  153.3 |
               +--------+--------+--------+--------+--------+-----+--------+

Top non-repeatable levels by time:
     D:1: 287 daAuts
     D:2: 148 daAuts
     D:3: 24 daAuts
